 Dungeon Crawl Stone Soup version 0.25.1-2-g60ff931df9 (webtiles) character file.

Game seed: 16581606708028134112

10 Morbidden the Ruffian (level 2, -4/23 HPs)
             Began as a Draconian Transmuter on Aug 8, 2020.
             Was an Initiate of Okawaru.
             Slain by Natasha (9 damage)
             ... on level 2 of the Dungeon.
             The game lasted 00:00:38 (229 turns).

Morbidden the Ruffian (Draconian Transmuter)         Turns: 229, Time: 00:00:38

Health: -4/23      AC:  4    Str: 12    XL:     2   Next: 10%
Magic:  4/5        EV: 12    Int: 13    God:    Okawaru [......]
Gold:   37         SH:  0    Dex: 11    Spells: 4/5 levels left

rFire    . . .     SeeInvis .     - Unarmed
rCold    . . .     Gourm    .   (no shield)
rNeg     . . .     Faith    .   (armour unavailable)
rPois    .         Spirit   .   (helmet restricted)
rElec    .         Reflect  .   (no cloak)
rCorr    .         Harm     .   (no gloves)
MR       .....                  (no boots)
Stlth    +.........             (no amulet)
HPRegen  0.07/turn              (no ring)
MPRegen  0.09/turn              (no ring)

@: no status effects
A: unfitting armour, cold-blooded, AC +4
a: Renounce Religion


You were on level 2 of the Dungeon.
You worshipped Okawaru.
Okawaru was noncommittal.
You were not hungry.

You visited 1 branch of the dungeon, and saw 2 of its levels.

You collected 37 gold pieces.

Inventory:

Missiles
 a - 12 arrows
Scrolls
 d - a scroll of enchant weapon {unknown}
Comestibles
 b - 7 chunks of flesh
 c - a ration


   Skills:
 * Level 1.2 Fighting
 * Level 1.8 Dodging
 + Level 3.2 Unarmed Combat
 * Level 2.2 Spellcasting
 + Level 2.0 Transmutations


You had 4 spell levels left.
You knew the following spells:

 Your Spells              Type           Power        Failure   Level  Hunger
a - Beastly Appendage     Tmut           #.....       11%         1    ##.....

Your spell library contained the following spells:

 Spells                   Type           Power        Failure   Level  Hunger
 Sticks to Snakes         Tmut           #.......     16%         2    ###....
 Spider Form              Tmut/Pois      #.........   43%         3    ####...
 Ice Form                 Ice/Tmut       #.......     85%         4    #####..
 Blade Hands              Tmut           #.........   96%         5    ######.


Dungeon Overview and Level Annotations

Branches:
Dungeon (1/15)

Altars:
Okawaru

Annotations:
D:2 Natasha


Innate Abilities, Weirdness & Mutations

Your plain brown scales are hard. (AC +4)
You cannot fit into any form of body armour.
You are cold-blooded and may be slowed by cold attacks.


Message History

You see here a kobold corpse.
You hit Natasha but do no damage. Natasha claws you.
You hit Natasha but do no damage. Your headbutt misses Natasha.
Your horns disappear.
Natasha casts a spell.
You closely miss Natasha.
Natasha mumbles some strange words.
You closely miss Natasha.
Natasha casts a spell.
You completely miss Natasha.
The crimson imp blinks!
Natasha claws you.
You are too injured to fight recklessly!
You are too injured to fight recklessly!
Unknown command.
You are too injured to fight recklessly!
You are too injured to fight recklessly!
You barely miss Natasha. Natasha claws you.
You closely miss Natasha. Natasha claws you.
* * * LOW HITPOINT WARNING * * *
You hit Natasha but do no damage. Natasha claws you!
You die...

#............#
#..####.####.# #.
#.# .. ##.##
##...###...###.##
......._......#
.#.###...###$..#
##.## #. #@# #h#


5S5 .5... ....... ........# ##.......# #.......# You could see Natasha, 2
crimson imps, an adder and a shadow imp (summoned).

Vanquished Creatures
  A giant cockroach (D:2)
  A hobgoblin (D:1)
  A kobold (D:2)
  2 bats
  2 goblins (D:1)
  3 rats
10 creatures vanquished.

Notes
Turn   | Place    | Note
-------+----------+-------------------------------------------
     0 | D:1      | Morbidden the Draconian Transmuter began the quest for the
                  | Orb.
     0 | D:1      | Reached XP level 1. HP: 16/16 MP: 3/3
   184 | D:1      | You fall into a shaft and drop 1 floor!
   184 | D:2      | Found an iron altar of Okawaru.
   202 | D:2      | Became a worshipper of Warmaster Okawaru
   207 | D:2      | Noticed Natasha
   209 | D:2      | Reached XP level 2. HP: 23/23 MP: 3/5
   225 | D:2      | Noticed a crimson imp
   226 | D:2      | Noticed a crimson imp
   229 | D:2      | Slain by Natasha

Illustrated notes

Levels and vault maps discovered:
D:1:      shiori_arrival_elements, layout_basic, serial_glass, glass_columns_a,
          glass_columns_c
D:2:      layout_loops_cross, nicolae_overflow_crystal_walls,
          chequers_ecumenical_altar_simple, yredelemnul_altar_generic,
          uniq_natasha

Action                   || total
-------------------------++-------
Melee: Unarmed           ||    32
       Tailslap          ||     3
       Kick              ||     1
       Headbutt          ||     1
 Cast: Beastly Appendage ||     6
Armor: Skin              ||    10
Dodge: Dodged            ||    12
